[Event "Team 45 45 League T47"]
[Site "Internet Chess Club"]
[Date "2010.12.11"]
[Round "6"]
[White "Sandia"]
[Black "chicopee-ed"]
[Result "1/2-1/2"]
[WhiteElo "1348"]
[BlackElo "1401"]
[Opening "Pirc defense"]
[ECO "B07"]
[Time "12:00:27"]
[TimeControl "2700+45"]

1. e4 d6 2. d4 Nf6 3. Bd3 e5 4. dxe5 dxe5 5. h3 Bc5 6. Nf3 Nbd7 7. O-O O-O 8.
Nc3 a6 9. a3 Re8 10. Ne2 Nb6 11. b3 c6 12. Bb2 Qc7 13. Ra2 Nbd7 14. c4 b5 15. b4
Ba7 16. c5 Bb8 17. Bc3 Nf8 18. Qa1 Ng6 19. Rd2 Nd7 20. Rfd1 h6 21. Bc2 Re7 22.
Rd3 f6 23. Nh4 Nxh4 24. g3 Ng6 25. Bd2 Ba7 26. Qc1 Nxc5 27. bxc5 Bxc5 28. Bb4
Bxb4 29. Rd8+ Kh7 30. axb4 Bb7 31. Rxa8 Bxa8 32. Rd2 Rd7 33. Qd1 Rxd2 34. Qxd2
Nf8 35. f4 Qd7 36. Qe3 Ng6 37. f5 Ne7 38. h4 Bb7 39. g4 Bc8 40. g5 fxg5 41. hxg5
hxg5 42. Qxg5 Qd6 43. Bb3 Qh6 44. Qxe7 Qe3+ 45. Kf1 Qxb3 46. Qh4+ Kg8 47. Qd8+
Kh7 48. Qxc8 Qf3+ 49. Ke1 Qxe4 50. Qe8 Qxf5 51. Qxc6 Qb1+ 52. Kf2 Qf5+ 53. Ke1
Qb1+ 54. Kf2 Qf5+ 55. Ke1 Qb1+ {Game drawn by repetition} 1/2-1/2

[Event "Team 45 45 League T47"]
[Site "Internet Chess Club"]
[Date "2010.12.14"]
[Round "6"]
[White "Just-Jim"]
[Black "Elalfer"]
[Result "0-1"]
[WhiteElo "1322"]
[BlackElo "1363"]
[Opening "Richter-Veresov attack"]
[ECO "D01"]
[Time "18:00:09"]
[TimeControl "2700+45"]

1. d4 d5 2. Nc3 Nf6 3. Bg5 Ne4 4. Nxe4 dxe4 5. e3 g6 6. c3 Bg7 7. h3 O-O 8. f3
Bf5 9. Qb3 b6 10. Bc4 exf3 11. Nxf3 Qd6 12. O-O Nc6 13. Bf4 Qd7 14. Ng5 e5 15.
Bxe5 Bxe5 16. dxe5 Nxe5 17. Rad1 Qe7 18. Nf3 Nxc4 19. Qxc4 Qxe3+ 20. Kh2 Qe7 21.
Rfe1 Be6 22. Qf4 Qc5 23. Qh4 Bxa2 24. Ng5 h5 25. Ne4 Qb5 26. Nf6+ Kg7 27. Qd4
Kh6 28. Qf4+ Qg5 29. Qxg5+ Kxg5 30. Nh7+ Kh6 31. Nxf8 Rxf8 32. Re7 Rc8 33. Rdd7
c6 34. Rxa7 Be6 35. Rac7 Rxc7 36. Rxc7 Bd5 37. Rc8 Kg5 38. Kg3 h4+ 39. Kf2 Kf4
40. c4 Bxc4 41. Rxc6 b5 42. Rf6+ Ke5 43. Rf3 Bd5 44. Ra3 Kd4 45. Ra5 b4 46. Rb5
b3 47. Rb4+ Kd3 48. Rxh4 Kc2 49. Rd4 Be6 50. h4 Kxb2 51. Rb4 Kc3 52. Rxb3+ Kxb3
53. g3 Kc4 54. Ke3 Kd5 55. Kf4 Kd6 56. g4 Bxg4 57. Kxg4 Ke6 58. Kg5 Ke5 59. Kg4
f6 60. h5 gxh5+ 61. Kxh5 Ke4 62. Kh4 Ke3 63. Kg3 f5 64. Kg2 f4 65. Kf1 Kf3 66.
Ke1 Kg2 67. Ke2 f3+ 68. Ke1 f2+ 69. Kd2 f1=Q {White resigns} 0-1

[Event "Team 45 45 League T47"]
[Site "Internet Chess Club"]
[Date "2010.12.13"]
[Round "6"]
[White "randallsr"]
[Black "misuc56"]
[Result "0-1"]
[WhiteElo "1744"]
[BlackElo "1758"]
[Opening "Réti opening"]
[ECO "A04"]
[Time "15:05:20"]
[TimeControl "2700+45"]

1. Nf3 c5 2. b3 Nc6 3. Bb2 d5 4. Ne5 Nxe5 5. Bxe5 f6 6. Bb2 e5 7. d3 d4 8. g3
Nh6 9. Bg2 Bd6 10. Nd2 Qe7 11. O-O O-O 12. Nc4 Bc7 13. Ba3 Rb8 14. c3 b5 15. Nd2
dxc3 16. Ne4 b4 17. Bc1 Bf5 18. Bxh6 gxh6 19. Nxc3 bxc3 20. Qc1 Kg7 21. Qxc3 Bd6
22. Rac1 Bg6 23. Bd5 Bf7 24. Qc4 Bxd5 25. Qxd5 Rbd8 26. Rc4 Qf7 27. Qc6 Qe7 28.
Rfc1 Rc8 29. Qa6 Rc7 30. Ra4 Rb8 31. Rcc4 Rb6 32. Qa5 Rbc6 33. Qd2 f5 34. Rh4
Qg5 35. e3 Be7 36. Qe2 Qg6 37. Rhc4 h5 38. h4 Rf6 39. d4 exd4 40. exd4 Re6 41.
Qf3 Re4 42. d5 Rxc4 43. Rxc4 Bd6 44. Kg2 Re7 45. Qc3+ Qf6 46. Qf3 Qg6 47. Qc3+
Kf7 48. Qh8 Re8 49. Qc3 Re4 50. Qf3 Rxc4 51. bxc4 Qg4 52. Qe3 Qe4+ 53. Qxe4 fxe4
54. Kf1 Kf6 55. Ke2 Ke5 56. Ke3 Bf8 57. f4+ exf3 58. Kxf3 Bh6 59. g4 hxg4+ 60.
Kxg4 Bf8 61. Kg5 Be7+ 62. Kh6 Bxh4 63. Kxh7 Kd4 64. Kg7 Kxc4 65. d6 Kd4 66. Kf7
c4 67. Ke8 c3 68. d7 c2 69. d8=Q+ Bxd8 {White resigns} 0-1

[Event "Team 45 45 League T47"]
[Site "Internet Chess Club"]
[Date "2010.12.11"]
[Round "6"]
[White "Packerfan"]
[Black "Signalman"]
[Result "1/2-1/2"]
[WhiteElo "1680"]
[BlackElo "1625"]
[Opening "Pirc defense"]
[ECO "B07"]
[Time "09:36:26"]
[TimeControl "2700+45"]

1. e4 d6 2. d4 Nf6 3. Nc3 Nbd7 4. f4 e5 5. Nf3 exd4 6. Qxd4 c6 7. Bd2 Qb6 8.
O-O-O Qxd4 9. Nxd4 g6 10. Nf3 Bh6 11. h3 O-O 12. g4 Bg7 13. Bg2 d5 14. exd5 Nxd5
15. Nxd5 cxd5 16. Bb4 Re8 17. Rxd5 Nb6 18. Rd3 Be6 19. b3 a5 20. Bd6 a4 21. Be5
axb3 22. axb3 Bxe5 23. Nxe5 f6 24. Nf3 Nd5 25. Rd4 Ne3 26. Rh2 Ra2 27. Rd2 Bd5
28. Ne1 Bxg2 29. Nxg2 Nf1 30. Kb1 Rea8 31. Nh4 Nxh2 32. Rxh2 Ra1+ 33. Kb2 R1a2+
34. Kb1 Ra1+ 35. Kb2 R1a2+ 36. Kb1 {Game drawn by repetition} 1/2-1/2

[Event "Team 45 45 League T47"]
[Site "Internet Chess Club"]
[Date "2010.12.12"]
[Round "6"]
[White "CKNIGHT3"]
[Black "rahulr"]
[Result "1-0"]
[WhiteElo "1574"]
[BlackElo "1565"]
[Opening "Dutch with c4 & Nc3"]
[ECO "A85"]
[Time "11:00:20"]
[TimeControl "2700+45"]

1. d4 f5 2. c4 Nf6 3. Nc3 e6 4. Nf3 d5 5. Bg5 Be7 6. Ne5 Nbd7 7. e3 Nxe5 8. dxe5
Ng4 9. Bf4 g5 10. Bg3 Bc5 11. h3 Nxe3 12. fxe3 Bxe3 13. cxd5 O-O 14. dxe6 Bxe6
15. Be2 g4 16. hxg4 Qg5 17. Rh5 Qg6 18. Bd3 Rad8 19. Qe2 f4 20. Bxg6 Bd2+ 21.
Qxd2 Rxd2 22. Bxh7+ Kg7 23. Kxd2 fxg3 24. Rah1 Rf2+ 25. Kc1 Rxg2 26. Rg5+ Kf7
27. Rf1+ Ke8 28. Rg7 Bc4 29. Bg6+ Bf7 30. Rfxf7 Rg1+ 31. Nd1 g2 32. Rg8# {Black
checkmated} 1-0

[Event "Team 45 45 League T47"]
[Site "Internet Chess Club"]
[Date "2010.12.12"]
[Round "6"]
[White "acejackace"]
[Black "Buford-Julep"]
[Result "1/2-1/2"]
[WhiteElo "1403"]
[BlackElo "1610"]
[Opening "Réti opening"]
[ECO "A04"]
[Time "08:00:49"]
[TimeControl "2700+45"]

1. Nf3 c5 2. g3 Nc6 3. Bg2 g6 4. d3 Bg7 5. Nbd2 e6 6. e4 Nge7 7. O-O O-O 8. c3
e5 9. Re1 d6 10. a4 h6 11. Nc4 Be6 12. h3 Qd7 13. Kh2 Rad8 14. Na3 d5 15. Qc2
Na5 16. exd5 Qxd5 17. Nxe5 Qb3 18. Qe2 Qxa4 19. Nxf7 Bxf7 20. Qxe7 Rfe8 21. Qc7
Rxe1 22. Qxd8+ Re8 23. Qc7 Be5 24. b3 Nxb3 25. Nc4 Qxa1 26. Nxe5 Rxe5 27. Bxh6
Qxc3 28. Be4 Qd4 29. Be3 Qb2 30. Qxb7 Rxe4 31. dxe4 Qf6 32. Qxa7 c4 33. Qb8+ Kg7
34. Bf4 Kh7 35. Kg2 Nd4 36. Be5 Qf3+ 37. Kg1 Qd1+ 38. Kg2 Qf3+ 39. Kg1 Qd1+ 40.
Kg2 Qf3+ 41. Kg1 Qd1+ {Game drawn by repetition} 1/2-1/2

[Event "Team 45 45 League T47"]
[Site "Internet Chess Club"]
[Date "2010.12.14"]
[Round "6"]
[White "LPH-9"]
[Black "Juan73"]
[Result "1/2-1/2"]
[WhiteElo "1399"]
[BlackElo "1742"]
[Opening "Ruy Lopez: Bird's defense"]
[ECO "C61"]
[Time "20:06:22"]
[TimeControl "2700+45"]

1. e4 e5 2. Nf3 Nc6 3. Bb5 Nd4 4. c4 Nxb5 5. cxb5 d6 6. O-O Bg4 7. d4 exd4 8.
Qxd4 Bxf3 9. gxf3 Qf6 10. f4 Qxd4 11. Be3 Qxe4 12. Nd2 {Game drawn by mutual
agreement} 1/2-1/2

[Event "Team 45 45 League T47"]
[Site "Internet Chess Club"]
[Date "2010.12.11"]
[Round "6"]
[White "TheronUAL"]
[Black "PANAMA-REY"]
[Result "0-1"]
[WhiteElo "1410"]
[BlackElo "1457"]
[Opening "Vienna game"]
[ECO "C25"]
[Time "11:01:52"]
[TimeControl "2700+45"]

1. e4 e5 2. Nc3 c6 3. Nf3 d6 4. Be2 Nf6 5. O-O Be7 6. d4 Nbd7 7. dxe5 dxe5 8.
Bc4 O-O 9. Re1 Qc7 10. a3 h6 11. Be3 Nb6 12. Ba2 Bg4 13. h3 Bh5 14. b4 Rad8 15.
Qc1 Bxf3 16. gxf3 Nh7 17. Kh1 Qd7 18. Kh2 Ng5 19. Bxg5 Bxg5 20. Qb2 Bf4+ 21. Kg1
Qxh3 22. Ne2 Qh2+ 23. Kf1 Qh3+ 24. Kg1 Bh2+ 25. Kh1 Rd6 26. Rad1 Rg6 {White
resigns} 0-1

[Event "Team 45 45 League T47"]
[Site "Internet Chess Club"]
[Date "2010.12.10"]
[Round "6"]
[White "theophilus"]
[Black "RedAttack"]
[Result "1-0"]
[WhiteElo "2232"]
[BlackElo "2003"]
[Opening "QGD: Marshall defense"]
[ECO "D06"]
[Time "14:10:08"]
[TimeControl "2700+45"]

1. d4 d5 2. c4 Nf6 3. cxd5 Nxd5 4. Nf3 e6 5. e4 Nb6 6. Nc3 Bb4 7. Bd3 O-O 8. O-O
Nc6 9. e5 Nd5 10. Bxh7+ Kh8 11. Bc2 f6 12. Qd3 f5 13. Ng5 Rf6 14. exf6 Qxf6 15.
Qh3+ Kg8 16. Qh7+ Kf8 17. Qh8+ Ke7 18. Nxd5+ exd5 19. a3 Ba5 20. b4 Bb6 21. Re1+
Kd6 22. Bf4+ {Black resigns} 1-0

[Event "Team 45 45 League T47"]
[Site "Internet Chess Club"]
[Date "2010.12.12"]
[Round "6"]
[White "GreatPelle"]
[Black "chess92192"]
[Result "0-1"]
[WhiteElo "1996"]
[BlackElo "2032"]
[Opening "Blackmar gambit"]
[ECO "D00"]
[Time "15:00:23"]
[TimeControl "2700+45"]

1. d4 d5 2. e4 dxe4 3. Nc3 Nf6 4. f3 exf3 5. Nxf3 Bg4 6. h3 Bh5 7. g4 Bg6 8. Ne5
c6 9. g5 Nd5 10. Qf3 Nb4 11. Nxg6 Nxc2+ 12. Kf2 hxg6 13. Kg2 Nxd4 14. Qf2 e6 15.
Be3 Nf5 16. Rd1 Qc7 17. Bc4 Nd7 18. Rhf1 Be7 19. Bf4 Qb6 20. Qc2 Rh5 21. Ne4 Nc5
22. Ng3 Nxg3 23. Kxg3 Bxg5 24. Bd6 Bf6 25. Kh2 Qxb2 26. Qxb2 Bxb2 27. Be2 Be5+
28. Kg2 Rg5+ 29. Kh1 Bxd6 30. Rxd6 Ne4 {White resigns} 0-1

[Event "Team 45 45 League T47"]
[Site "Internet Chess Club"]
[Date "2010.12.12"]
[Round "6"]
[White "RamRock"]
[Black "CaoCao"]
[Result "0-1"]
[WhiteElo "1875"]
[BlackElo "1900"]
[Opening "Four knights: symmetrical variation"]
[ECO "C49"]
[Time "10:05:06"]
[TimeControl "2700+45"]

1. e4 e5 2. Nf3 Nf6 3. Nc3 Nc6 4. Bb5 Bb4 5. O-O O-O 6. d3 d6 7. h3 Qe7 8. Bg5
Bxc3 9. bxc3 Nd8 10. Nh4 h6 11. Bxf6 Qxf6 12. Nf3 Ne6 13. Nh2 Nf4 14. Ng4 Qg5
15. Kh2 Bxg4 16. Qxg4 Qxg4 17. hxg4 Ne2 18. c4 Nc3 19. g5 c6 20. gxh6 cxb5 21.
hxg7 Kxg7 22. cxb5 Rh8+ 23. Kg3 Ne2+ 24. Kg4 Rag8 25. c3 Kf8+ 26. Kf3 Nxc3 27.
g3 Nxb5 28. Rab1 Nd4+ 29. Ke3 Rh2 30. Rxb7 Rxg3+ 31. Kd2 Rf3 32. Rxa7 Rfxf2+ 33.
Rxf2 Rxf2+ 34. Kd1 Nb5 35. Ra8+ Ke7 36. Ke1 Rc2 37. a4 Ra2 38. a5 Nc7 39. Ra7
Kd7 40. Kd1 Kc8 {White resigns} 0-1

[Event "Team 45 45 League T47"]
[Site "Internet Chess Club"]
[Date "2010.12.10"]
[Round "6"]
[White "PandorasBox"]
[Black "ChristopherPace"]
[Result "0-1"]
[WhiteElo "1956"]
[BlackElo "2094"]
[Opening "English opening"]
[ECO "A20"]
[Time "17:00:51"]
[TimeControl "2700+45"]

1. c4 e5 2. g3 f5 3. Bg2 Nf6 4. d3 c6 5. Nc3 d5 6. cxd5 cxd5 7. Bg5 d4 8. Nb1
Qb6 9. Qc1 Na6 10. a3 Nc5 11. Nd2 Be6 12. b4 Na4 13. Nc4 Bxc4 14. dxc4 Ne4 15.
Bxe4 fxe4 16. Qc2 Nc3 17. Bd2 a5 18. Bxc3 dxc3 19. c5 Qb5 20. Qxe4 axb4 21.
Qxe5+ Be7 22. Qxg7 Rf8 23. Nf3 Qxc5 24. O-O b3 25. Rac1 Rc8 26. Ne5 b2 27. Rc2
Rxf2 28. Rxf2 b1=Q+ 29. Kg2 Qd5+ 30. Rf3 Kd8 31. Qh8+ Kc7 32. Rxc3+ Bc5 33. Qg7+
Kb8 34. Nd7+ Ka7 35. Rxc5 Rxc5 36. Qf8 Qxd7 37. Qxc5+ b6 38. Qc4 Qg6 39. Qb3
Qge6 40. Qc2 Qh3+ 41. Kh1 Qd5 42. e4 Qdd7 43. Qb3 Qhe6 44. Qc2 Qdc6 45. Rf7+
Qxf7 {White resigns} 0-1

[Event "Team 45 45 League T47"]
[Site "Internet Chess Club"]
[Date "2010.12.10"]
[Round "6"]
[White "Hathor"]
[Black "Deckfuel"]
[Result "1-0"]
[WhiteElo "1988"]
[BlackElo "1990"]
[Opening "Queen's pawn game, Chigorin variation"]
[ECO "D02"]
[Time "13:01:05"]
[TimeControl "2700+45"]

1. d4 d5 2. Nf3 Nc6 3. Bf4 Bg4 4. Nbd2 Nf6 5. e3 e6 6. c3 Bd6 7. Bxd6 cxd6 8.
Be2 Ne4 9. O-O f5 10. a3 O-O 11. c4 Rf6 12. cxd5 exd5 13. Re1 Rh6 14. Nf1 Ne7
15. Qb3 Kh8 16. Qxb7 Rb8 17. Qxa7 Rxb2 18. Rab1 Nc6 19. Qf7 Rxb1 20. Rxb1 Nc3
21. Rb2 Rf6 22. Qb7 Na5 23. Qb4 Nxe2+ 24. Rxe2 Nc4 25. Qb7 Qg8 26. a4 Rg6 27.
Ng3 Bxf3 28. gxf3 h6 29. Ra2 Qe6 30. a5 f4 31. exf4 Qe1+ 32. Kg2 h5 33. Qxd5 Nd2
34. Qxh5+ Rh6 35. Qg4 Qd1 36. a6 Nxf3 37. Qxf3 Rxh2+ 38. Kxh2 Qxf3 39. a7 Qa8
40. Ne4 Kh7 41. Nxd6 Kg6 42. Nb5 Kf5 43. Nc7 Qf3 44. Ra5+ Kf6 45. Nd5+ Kf7 46.
Ne3 Qxf4+ 47. Kg1 Qe4 48. a8=Q {Black resigns} 1-0

[Event "Team 45 45 League T47"]
[Site "Internet Chess Club"]
[Date "2010.12.11"]
[Round "6"]
[White "alexdb"]
[Black "gerailen0075"]
[Result "0-1"]
[WhiteElo "1928"]
[BlackElo "1840"]
[Opening "French: King's Indian attack"]
[ECO "C00"]
[Time "21:08:20"]
[TimeControl "2700+45"]

1. e4 e6 2. d3 d5 3. Nd2 Nf6 4. g3 Nc6 5. Bg2 dxe4 6. dxe4 e5 7. Ngf3 Bc5 8. O-O
O-O 9. c3 a5 10. a4 b6 11. Qe2 Ba6 12. Nc4 Ne8 13. b3 Nd6 14. Nfd2 Qf6 15. Bh3
Rad8 16. Nf3 Nxc4 17. bxc4 Qd6 18. Ne1 Nd4 19. cxd4 Qxd4 20. Nc2 Qxc4 21. Qxc4
Bxc4 22. Ne3 Bxf1 23. Bxf1 Rd4 24. Bb2 Rxe4 25. Bg2 Rb4 26. Bxe5 Bd4 27. Bxd4
Rxd4 28. Nf5 Rd7 29. Re1 Rfd8 30. Bf3 g6 31. Ne7+ Kf8 32. Nc6 Re8 33. Rc1 Re6
34. Nb8 Rd3 35. Kg2 c5 36. Bb7 Rd8 37. Nc6 Rd2 38. Nb8 Ree2 39. Bc6 Rxf2+ 40.
Kg1 Ke7 41. Rb1 Kd6 42. Rxb6 Rb2 43. Rb5 {White resigns} 0-1

[Event "Team 45 45 League T47"]
[Site "Internet Chess Club"]
[Date "2010.12.12"]
[Round "6"]
[White "Pablito15"]
[Black "Holzschlange"]
[Result "1/2-1/2"]
[WhiteElo "1658"]
[BlackElo "1842"]
[Opening "two knights defense: Wilkes Barre (Traxler) variation"]
[ECO "C57"]
[Time "21:24:08"]
[TimeControl "2700+45"]

1. e4 e5 2. Nf3 Nc6 3. Bc4 Nf6 4. Ng5 Bc5 5. Bxf7+ Ke7 6. Bd5 Qf8 7. O-O d6 8.
b4 Nxb4 9. c3 Nbxd5 10. exd5 h6 11. Nf3 Bg4 12. Nh4 Qe8 13. Qc2 e4 14. d4 Bb6
15. Bd2 g5 16. Nf3 Bxf3 17. gxf3 Qh5 18. Na3 Qxf3 19. Rfe1 Rae8 20. Re3 Qg4+ 21.
Rg3 Qh5 22. Re1 Kd7 23. f3 Nxd5 24. Rxe4 Qf7 25. c4 {Game drawn by mutual
agreement} 1/2-1/2

[Event "Team 45 45 League T47"]
[Site "Internet Chess Club"]
[Date "2010.12.12"]
[Round "6"]
[White "LazyPeon"]
[Black "Chess2Play"]
[Result "1-0"]
[WhiteElo "1663"]
[BlackElo "1572"]
[Opening "QGD: Tarrasch defense, 4.cd ed"]
[ECO "D32"]
[Time "05:06:55"]
[TimeControl "2700+45"]

1. d4 d5 2. c4 e6 3. Nc3 c5 4. cxd5 exd5 5. dxc5 d4 6. Ne4 Bf5 7. Qa4+ Nc6 8.
Ng3 Bg6 9. b4 Nf6 10. Nf3 Be7 11. Bb2 Nd5 12. a3 Nc3 13. Bxc3 dxc3 14. e4 O-O
15. Be2 Nd4 16. Nxd4 Qxd4 17. Qc2 Bf6 18. Rd1 Qe5 19. O-O Rfe8 20. Bd3 a5 21. f4
Qd4+ 22. Kh1 Qd7 23. e5 Bxd3 24. Rxd3 Qe6 25. exf6 Qxf6 26. Qxc3 Qxc3 27. Rxc3
axb4 28. axb4 Ra4 29. Rb1 Rxb4 30. Rbc1 Rxf4 31. Kg1 g6 32. Rb3 Re7 33. Rb2 Rc7
34. Rf2 Rxf2 35. Kxf2 Rc6 36. Ne4 b6 37. Ke3 bxc5 38. Kd3 c4+ 39. Rxc4 Rxc4 40.
Kxc4 Kg7 41. Kd4 Kh6 42. Ke3 Kg7 43. Kf4 Kh6 44. g4 Kg7 45. Nd6 Kf8 46. Ke5 Ke7
47. Ne4 f5 48. gxf5 gxf5 49. Kxf5 Kf7 50. Kg5 Kg7 51. Kh5 Kh8 52. Kh6 Kg8 53.
Ng5 Kh8 54. Nxh7 Kg8 55. Ng5 Kh8 56. Nf7+ Kg8 57. Kg6 Kf8 58. h4 Kg8 59. h5 Kf8
60. h6 {Black resigns} 1-0

[Event "Team 45 45 League T47"]
[Site "Internet Chess Club"]
[Date "2010.12.13"]
[Round "6"]
[White "P-K4"]
[Black "micky1943"]
[Result "0-1"]
[WhiteElo "1477"]
[BlackElo "1865"]
[Opening "Sicilian: closed"]
[ECO "B23"]
[Time "21:00:56"]
[TimeControl "2700+45"]

1. e4 c5 2. Nc3 g6 3. f4 Bg7 4. Nf3 Nc6 5. Bb5 Nd4 6. O-O e6 7. e5 a6 8. Bd3
Nxf3+ 9. Qxf3 d5 10. b3 Bd7 11. Bb2 Ne7 12. a4 O-O 13. Kh1 Nc6 14. Ba3 Nb4 15.
Rac1 f6 16. exf6 Qxf6 17. g3 Bc6 18. Rce1 Rae8 19. Bxb4 cxb4 20. Na2 e5 21. Qg4
e4 22. Be2 a5 23. Rb1 d4 24. Qg5 Qxg5 25. fxg5 Rxf1+ 26. Bxf1 e3+ 27. Kg1 e2
{White resigns} 0-1

[Event "Team 45 45 League T47"]
[Site "Internet Chess Club"]
[Date "2010.12.11"]
[Round "6"]
[White "rookmaster23"]
[Black "Oscar"]
[Result "0-1"]
[WhiteElo "1504"]
[BlackElo "1499"]
[Opening "Dutch defense"]
[ECO "A81"]
[Time "10:00:38"]
[TimeControl "2700+45"]

1. d4 f5 2. g3 d5 3. Bg2 e6 4. Nf3 Nc6 5. O-O Nf6 6. Bg5 Be7 7. e3 O-O 8. Nbd2
Bd7 9. c4 Ne4 10. Nxe4 fxe4 11. Bxe7 Qxe7 12. Nd2 Qg5 13. cxd5 exd5 14. Nb3 b6
15. Rc1 Rac8 16. Nd2 Kh8 17. Qb3 a5 18. Kh1 Nb4 19. Rc3 Nd3 20. Kg1 Bg4 21. Nxe4
dxe4 22. Bxe4 Nxf2 23. Rxf2 Rxf2 24. Kxf2 Rf8+ 25. Ke1 Qf6 26. Rc2 Qf1+ 27. Kd2
Qe2+ 28. Kc3 Qxe3+ 29. Bd3 Qe1+ 30. Rd2 Rf2 31. Qc2 Rxh2 32. a3 Rxd2 33. Qxd2
Qxg3 34. Qg5 Qe1+ 35. Kc4 Be6+ 36. d5 Bg8 37. Qd8 Qc1+ 38. Kb3 Qd1+ 39. Kc3 Qc1+
40. Kb3 Qc5 41. Bc4 b5 42. Bd3 Qxd5+ 43. Qxd5 Bxd5+ 44. Kc2 c6 {White resigns}
0-1

[Event "Team 45 45 League T47"]
[Site "Internet Chess Club"]
[Date "2010.12.09"]
[Round "6"]
[White "sdcohle"]
[Black "ticopatzer"]
[Result "0-1"]
[WhiteElo "1440"]
[BlackElo "1588"]
[Opening "Queen's pawn game, Chigorin variation"]
[ECO "D02"]
[Time "22:33:39"]
[TimeControl "2700+45"]

1. d4 d5 2. Nf3 Nc6 3. c4 e6 4. e3 Nf6 5. Nc3 Bb4 6. Bd2 O-O 7. Bd3 Na5 8. c5 b6
9. a3 Bxc3 10. Bxc3 Nb7 11. cxb6 axb6 12. O-O c5 13. dxc5 bxc5 14. b3 Nd6 15.
Qc2 Nfe4 16. Bb2 Qb6 17. Be5 Ba6 18. Rfc1 Bxd3 19. Qxd3 Nf5 20. Bb2 Rfb8 21. b4
cxb4 22. Be5 Rc8 23. Rxc8+ Rxc8 24. axb4 Qxb4 25. Qa6 Qc4 26. Qa5 Qc2 27. Qe1 f6
28. Bd4 e5 29. Bb6 Rb8 30. Ba5 Rb2 31. g4 Nxf2 32. Nd2 Nxg4 33. Rc1 Qa4 34. Rc8+
Kf7 35. Rc7+ Kg6 36. Qc1 Qxa5 37. Rxg7+ Kxg7 38. Qxb2 Nfxe3 39. Nf3 Qa6 40. Qb1
Qe2 41. Qb7+ Kg6 42. Nh4+ Kh6 43. h3 Qh2# {White checkmated} 0-1

[Event "Team 45 45 League T47"]
[Site "Internet Chess Club"]
[Date "2010.12.12"]
[Round "6"]
[White "civilization"]
[Black "Gilguli"]
[Result "1-0"]
[WhiteElo "1707"]
[BlackElo "1322"]
[Opening "Petrov: Damiano variation"]
[ECO "C42"]
[Time "15:05:59"]
[TimeControl "2700+45"]

1. e4 e5 2. Nf3 Nf6 3. Nxe5 Nxe4 4. Qe2 Qe7 5. Qxe4 d6 6. d4 dxe5 7. Qxe5 Qxe5+
8. dxe5 Nc6 9. Bf4 Bf5 10. Bb5 Bxc2 11. Nd2 O-O-O 12. Bxc6 bxc6 13. Rc1 Ba4 14.
a3 Bb5 15. Nf3 Rd5 16. Rd1 Rxd1+ 17. Kxd1 Bc5 18. Bg3 Rd8+ 19. Kc1 Ba4 20. Ng5
h6 21. Ne4 Bd4 22. Re1 Rd5 23. f4 Rb5 24. b4 a5 25. Bf2 Bxf2 26. Nxf2 axb4 27.
axb4 Rxb4 28. g3 Rc4+ 29. Kd2 Rc2+ 30. Ke3 Rc3+ 31. Ke4 Kd7 32. Re2 Rc2 33. Rxc2
Bxc2+ 34. Kd4 Ke6 35. Kc5 Ba4 36. Nd3 g5 37. Kd4 f6 38. Nc5+ Ke7 39. Nxa4 {Black
resigns} 1-0

[Event "Team 45 45 League T47"]
[Site "Internet Chess Club"]
[Date "2010.12.11"]
[Round "6"]
[White "shamos1"]
[Black "Theodulf"]
[Result "0-1"]
[WhiteElo "1388"]
[BlackElo "1546"]
[Opening "English opening"]
[ECO "A21"]
[Time "11:07:00"]
[TimeControl "2700+45"]

1. c4 e5 2. Nc3 d6 3. g3 f5 4. Bg2 Nf6 5. Nf3 Be7 6. d4 e4 7. Nd2 Nc6 8. e3 O-O
9. a3 Kh8 10. h4 a6 11. b3 Rb8 12. Bb2 d5 13. Rb1 Na7 14. h5 Be6 15. f3 c5 16.
fxe4 fxe4 17. cxd5 Bg4 18. Qc2 cxd4 19. exd4 e3 20. Nde4 Rc8 21. Qd3 Nxd5 22.
Ng5 Bxg5 23. Nxd5 Qd6 24. Nf4 Bxf4 25. gxf4 Qxf4 26. h6 Qg3# {White checkmated}
0-1

[Event "Team 45 45 League T47"]
[Site "Internet Chess Club"]
[Date "2010.12.13"]
[Round "6"]
[White "slipkid"]
[Black "arconia"]
[Result "1-0"]
[WhiteElo "1658"]
[BlackElo "1379"]
[Opening "Sicilian: Alapin's variation (2.c3)"]
[ECO "B22"]
[Time "14:12:56"]
[TimeControl "2700+45"]

1. e4 c5 2. c3 Nc6 3. d4 cxd4 4. cxd4 e6 5. Nf3 Bb4+ 6. Nc3 Nf6 7. Bd3 Qb6 8.
Be3 d5 9. O-O Bxc3 10. bxc3 dxe4 11. d5 Qc7 12. dxc6 exd3 13. Qxd3 Qxc6 14. Rad1
O-O 15. Ne5 Qc7 16. Nf3 Bd7 17. Bg5 Rad8 18. Bxf6 gxf6 19. Nd4 Ba4 20. Rd2 e5
21. Qg3+ Kh8 22. Nf5 Rg8 23. Rxd8 Qxd8 24. Nh6 Rxg3 25. Nxf7+ Kg7 26. Nxd8 Rxc3
27. Nxb7 h5 28. Nd6 Kg6 29. h3 Rd3 30. Ne4 Rd8 31. Nc5 Bb5 32. Rb1 Bc4 33. a3
Kf5 34. Rc1 Be2 35. Rc2 Rd1+ 36. Kh2 Bd3 37. Nxd3 Rxd3 38. a4 Rd4 39. Ra2 a5 40.
Kg3 Kg5 41. Kf3 f5 42. Ke3 f4+ 43. Ke2 e4 44. Ra3 Rc4 45. Kd2 Rd4+ 46. Ke2 Rb4
47. Ra2 Rb3 48. Rc2 f3+ 49. gxf3 exf3+ 50. Ke1 Kh4 51. Rc5 Rb1+ 52. Kd2 Rf1 53.
Ke3 Rh1 54. Kxf3 Rxh3+ 55. Ke4 Kg4 56. Rxa5 Rf3 57. Rb5 h4 58. Rb1 Rxf2 59. Rg1+
Kh3 60. a5 Ra2 61. Rg5 Ra4+ 62. Kf3 Ra3+ 63. Kf4 Kh2 64. Kg4 h3 65. Rd5 Rg3+ 66.
Kh4 Rg4+ 67. Kxg4 {Black resigns} 1-0

[Event "Team 45 45 League T47"]
[Site "Internet Chess Club"]
[Date "2010.12.10"]
[Round "6"]
[White "QueensCounselor"]
[Black "spunni"]
[Result "1-0"]
[WhiteElo "2096"]
[BlackElo "1806"]
[Opening "Queen's gambit accepted"]
[ECO "D20"]
[Time "13:00:05"]
[TimeControl "2700+45"]

1. d4 d5 2. c4 dxc4 3. Nc3 Nf6 4. e4 e5 5. d5 c6 6. Bg5 Bb4 7. Bxc4 Bxc3+ 8.
bxc3 Qa5 9. Bd3 Qxc3+ 10. Ke2 Qb2+ 11. Kf1 Nbd7 12. dxc6 bxc6 13. Rc1 O-O 14.
Qe2 Qxe2+ 15. Nxe2 c5 16. f3 a5 17. Kf2 Ba6 18. Rhd1 Bxd3 19. Rxd3 Rac8 20. Ra3
Ra8 21. Rac3 Rfc8 22. Be3 Kf8 23. Bxc5+ Nxc5 24. Rxc5 Rxc5 25. Rxc5 Nd7 26. Rc7
Ke7 27. Nc3 a4 28. Rc4 a3 29. Nb1 Rb8 30. Nxa3 Kd6 31. Ke3 g6 32. Rc2 f5 33.
Nc4+ Ke6 34. exf5+ gxf5 35. a4 Rb4 36. a5 Ra4 37. Kd3 Nc5+ 38. Kc3 Nb7 39. Rb2
Nxa5 40. Rb6+ Ke7 41. Nxe5 Ra3+ 42. Kb2 Re3 43. Rb5 Nb3 44. Nc4 {Black resigns}
1-0

[Event "Team 45 45 League T47"]
[Site "Internet Chess Club"]
[Date "2010.12.13"]
[Round "6"]
[White "bogolijubov"]
[Black "fledermaus"]
[Result "1/2-1/2"]
[WhiteElo "1893"]
[BlackElo "1993"]
[Opening "Sicilian: O'Kelly variation"]
[ECO "B28"]
[Time "14:35:05"]
[TimeControl "2700+45"]

1. e4 c5 2. Nf3 a6 3. c4 Nc6 4. d4 cxd4 5. Nxd4 Nf6 6. Nc3 e5 7. Nc2 Bc5 8. Be3
Bxe3 9. fxe3 d6 10. Be2 O-O 11. Qd2 Qe7 12. O-O-O Rd8 13. g4 Be6 14. g5 Ne8 15.
g6 fxg6 16. Rhg1 {Game drawn by mutual agreement} 1/2-1/2

[Event "Team 45 45 League T47"]
[Site "Internet Chess Club"]
[Date "2010.12.11"]
[Round "6"]
[White "TonyRo"]
[Black "TerryMalloy"]
[Result "1/2-1/2"]
[WhiteElo "2277"]
[BlackElo "2036"]
[Opening "Ruy Lopez: Berlin defense, open variation"]
[ECO "C67"]
[Time "09:15:23"]
[TimeControl "2700+45"]

1. e4 e5 2. Nf3 Nc6 3. Bb5 Nf6 4. O-O Nxe4 5. d4 Nd6 6. Bxc6 dxc6 7. dxe5 Nf5 8.
Qxd8+ Kxd8 9. Nc3 Ke8 10. h3 Be7 11. Bf4 Be6 12. a3 Nh4 13. Nd4 Rd8 14. Nxe6
fxe6 15. Rad1 Kf7 16. Ne4 h6 17. g4 Nf3+ 18. Kg2 Nh4+ 19. Kg3 Ng6 20. Kf3 Rd5
21. c4 Rxe5 22. Bxe5 Nxe5+ 23. Ke2 Nxc4 24. f4 Nd6 25. Nc5 b6 26. Nd3 c5 27.
Ne5+ Ke8 28. Rc1 Nb5 29. a4 Nd4+ 30. Kd3 a5 31. f5 h5 32. fxe6 hxg4 33. hxg4
Rh3+ 34. Ke4 Bf6 35. Rh1 Rg3 36. Rcf1 Nxe6 37. Kd5 Nd4 38. Rh8+ Ke7 39. Ng6+ Kd7
40. Ne5+ Ke7 41. Ng6+ {Game drawn by mutual agreement} 1/2-1/2